 Dungeon Crawl Stone Soup version 0.25-a0-632-g7713895373 (console) character file.

Game seed: 8228363036567178283, levelgen mode: deterministic

12896 utis the Summoner (level 12, -6/76 HPs)
             Began as a Tengu Summoner on Mar 16, 2020.
             Collided with a stone wall (29 damage)
             ... caused by a rakshasa
             ... on level 11 of the Dungeon on Mar 19, 2020.
             The game lasted 00:43:23 (16351 turns).

utis the Summoner (Tengu Summoner)                 Turns: 16351, Time: 00:43:24

Health: -6/76      AC: 21    Str: 17    XL:     12   Next: 0%
Magic:  13/20      EV: 22    Int: 17    God:
Gold:   329        SH:  0    Dex: 16    Spells: 3/21 levels left

rFire    . . .     SeeInvis .   a - +3 dagger (drain)
rCold    . . .     Gourm    .   (no shield)
rNeg     + . .     Faith    .   U - +6 scale mail "Vynwy" {Int+2}
rPois    .         Spirit   .   (helmet restricted)
rElec    .         Reflect  .   X - +1 cloak
rCorr    .         Harm     .   d - +2 pair of gloves
MR       .....                  (boots unavailable)
Stlth    +.........             b - macabre finger necklace {rN+}
HPRegen  0.22/turn              S - +4 ring of strength
MPRegen  0.17/turn              O - +4 ring of protection
                                E - +3 ring of evasion

@: flying quickly and evasively, very slightly contaminated, quick
A: beak, talons 3, able to fly
a: Stop Flying


You were on level 11 of the Dungeon.
You were not hungry.

You visited 1 branch of the dungeon, and saw 11 of its levels.

You collected 849 gold pieces.
You spent 520 gold pieces at shops.

Inventory:

Hand Weapons
 a - a +3 dagger of draining (weapon)
 h - a +0 rapier of freezing
Missiles
 l - 52 sling bullets
 m - 391 stones
 o - 12 boomerangs (quivered)
 p - 43 poisoned darts
 w - 3 silver boomerangs
 N - 8 curare-tipped darts {=f}
Armour
 d - a +2 pair of gloves (worn)
 U - the +6 scale mail "Vynwy" (worn) {Int+2}
   (You bought it in a shop on level 10 of the Dungeon)

   It affects your intelligence (+2).
 X - a +1 cloak (worn)
Jewellery
 b - the macabre finger necklace (around neck) {rN+}
   (You took it off a centaur warrior on level 11 of the Dungeon)

   [amulet of nothing]

   It protects you from negative energy.
 v - an uncursed ring of see invisible
 C - an uncursed ring of protection from cold
 E - a +3 ring of evasion (on amulet)
 O - a +4 ring of protection (right hand)
 S - a +4 ring of strength (left hand)
Wands
 y - a wand of flame (17)
 J - a wand of acid (4)
 L - a wand of clouds (6)
 P - a wand of iceblast (7)
 Y - a wand of polymorph (2)
Scrolls
 g - 3 scrolls of fear
 k - 7 scrolls of teleportation {@r4}
 n - a scroll of enchant weapon
 s - 11 scrolls of remove curse {@r2}
 t - a scroll of immolation {unknown}
 A - 7 scrolls of identify {@r1}
 F - 2 scrolls of amnesia {unknown}
 G - a scroll of fog
 I - a scroll of torment {unknown}
 M - 2 scrolls of blinking
 T - 2 scrolls of enchant armour
 V - 2 scrolls of noise {unknown}
Potions
 e - 2 potions of ambrosia
 i - a potion of mutation {!q}
 j - a potion of resistance
 q - a potion of invisibility
 z - 2 potions of curing {@q1}
 H - 3 potions of haste {@q3}
 K - a potion of flight
 Q - a potion of might
 R - 2 potions of cancellation
 Z - a potion of lignification {unknown}
Miscellaneous
 f - a phial of floods
Comestibles
 c - 21 rations {@e1}


   Skills:
 - Level 9.1 Fighting
 - Level 5.0 Short Blades
 - Level 1.5 Armour
 - Level 10.5 Dodging
 - Level 2.0 Stealth
 + Level 5.2 Spellcasting
 - Level 12.1 Summonings
 - Level 3.8 Ice Magic
 - Level 6.0 Air Magic


You had 3 spell levels left.
You knew the following spells:

 Your Spells              Type           Power        Failure   Level  Hunger
b - Summon Ice Beast      Ice/Summ       ####....     19%         4    ####...
d - Summon Guardian Gole  Hex/Summ       ####....     12%         3    ###....
f - Call Canine Familiar  Summ           #####...     1%          3    ###....
p - Call Imp              Summ           #####...     1%          2    #......
t - Summon Lightning Spi  Summ/Air       #####...     12%         4    ####...
z - Summon Small Mammal   Summ           ####         1%          1    None
B - Summon Butterflies    Summ           #####...     1%          1    None

Your spell library contained the following spells:

 Spells                   Type           Power        Failure   Level  Hunger
 Recall                   Summ/Tloc      N/A          12%         3    ###....
 Apportation              Tloc           #.....       43%         1    None
 Lesser Beckoning         Tloc           #.........   82%         3    ###....
 Tukima's Dance           Hex            #.......     82%         3    ###....
 Aura of Abjuration       Summ           #####.....   9%          5    ######.
 Summon Demon             Summ           #####.....   9%          5    ######.
 Shadow Creatures         Summ           N/A          45%         6    #######
 Summon Forest            Summ/Tloc      ####......   73%         5    ######.
 Summon Mana Viper        Hex/Summ       ####....     73%         5    ######.
 Alistair's Intoxication  Tmut/Pois      #.......     100%        5    ######.
 Invisibility             Hex            #.......     100%        6    #######


Dungeon Overview and Level Annotations

Branches:
Dungeon (11/15)            Temple (0/1) D:4            Lair (0/6) D:8
    Orc (0/2) D:11

Altars:
Elyvilon
Hepliaklqana
Makhleb
Nemelex Xobeh
Qazlal

Shops:
D:8 ?   D:10 *=[}


Innate Abilities, Weirdness & Mutations

You have a beak for a mouth.
You have claws for feet.
You can fly continuously.


Message History

An electric hum fills the air.
The rakshasa gestures at you. The lance of force hits you!!
You are knocked back by the lance of force.
You slam into the stone wall!
You hit the rakshasa but do no damage. Your kick misses the rakshasa.
Your lightning spire shoots out a bolt of lightning at the rakshasa!
The bolt of electricity hits the rakshasa!
You hit the rakshasa. You claw the rakshasa.
The rakshasa is moderately wounded.
The rakshasa hits you with a +0 long sword.
* * * LOW HITPOINT WARNING * * *
You hit the rakshasa but do no damage. You claw the rakshasa!
The rakshasa is moderately wounded.
The rakshasa gestures at you. The lance of force hits you!
* * * LOW HITPOINT WARNING * * *
You are knocked back by the lance of force.
You slam into the stone wall!
You die...

▒ ▒....▓...▒....▓..▓..░
░.░
▒.▒▓▓...▓.▒^.....▓▒▓.▓..░
░.░
▓........▒...........▒..░
░.░
▒.....|▒.▒......▒▒▓.▓▒..░
░.░
▒.▒.▓.▒...▒.....▒▓.▒.▒..░
░.░ ▓
▒▓.......)..▓.▓▓▓▒.░░ ░.░
▓ ▒.▒.▓...▒......▒▓ ▒.░
░.░
▒......▓.▒....8.▒.▒▓▓▒)░
░.░
▓▒▓▒.▒....▓...R.Q▒.▒.▒)░░
░.░
▓.▓..▒▒▒▓...▒▒▓..▒.▒.▓..░
░.░
.)▓➘▓▓...▒▒..)▒).▓.▓.▒..░
░░.░
▓.➘▓..▓▒....▓▓▒..▓.▓.▓..░
░..░
▒▒▓▒....▒▒▒.....▒.▒.▓▓..░
░.░░
▒▒...▓.▒.▓...▒...▒▓..▓..░░
░.░
▒.▓▒▓..▒.▓......▓..▓.▓.░.░
░.░ ▒
▒......▓.▒.▓▒...▒▓..░░ ░.░
▓ ▒..▒.▓.......▒..▓▒.░░
░.░


You could see a rakshasa and a friendly lightning spire.

Vanquished Creatures
  A centaur warrior (D:11)
  A two-headed ogre (D:9)
  An unseen horror (D:11)
  A deep elf mage (D:11)
  A manticore (D:11)
  2 centaur zombies
  3 trolls
  A tengu conjurer (D:11)
  3 hippogriffs
  A slime creature (D:10)
  2 wyverns
  Eustachio (D:4)
  2 yaks
  A vampire mosquito (D:11)
  Edmund (D:6)
  2 sky beasts
  A porcupine (D:8)
  3 ice beasts
  6 orc warriors
  3 phantoms
  4 ogres
  15 centaurs
  2 big kobolds
  6 bullfrogs
  A wyvern skeleton (D:9)
  7 scorpions
  A wight (D:7)
  A killer bee (D:10)
  An electric eel (D:11)
  A howler monkey (D:4)
  A bullfrog zombie (D:7)
  7 crimson imps
  4 hounds
  3 jellies
  7 orc priests
  A bullfrog skeleton (D:7)
  5 centaur skeletons
  2 iguanas
  5 orc wizards
  7 worker ants
  2 killer bee zombies
  A hound skeleton (D:11)
  A howler monkey zombie (D:7)
  A howler monkey skeleton (D:4)
  8 adders
  3 shadow imps
  2 oozes
  An adder zombie (D:5)
  An adder skeleton (D:4)
  2 worms
  4 dart slugs
  7 leopard geckos
  28 orcs
  7 giant cockroaches
  3 hobgoblins
  8 jackals
  4 quokkas
  5 bats
  6 frilled lizards
  4 goblins
  A jackal skeleton (D:5)
  22 kobolds
  A leopard gecko zombie (D:7)
  A quokka skeleton (D:4)
  A quokka zombie (D:7)
  9 rats
251 creatures vanquished.

Vanquished Creatures (collateral kills)
  3 two-headed ogres
  A cyclops (D:11)
  A tengu conjurer (D:11)
  A hungry ghost (D:6)
  An orc warrior (D:11)
  2 necrophages
  A phantom (D:4)
  A big kobold (D:7)
  A scorpion (D:4)
  3 wights (D:7)
  3 killer bees (D:10)
  2 crimson imps
  Crazy Yiuf (D:7)
  An iguana (D:10)
  A worker ant (D:5)
  3 adders
  A hobgoblin (D:1)
  2 jackals (D:2)
  A kobold (D:1)
30 creatures vanquished.

Grand Total: 281 creatures vanquished

Notes
Turn   | Place    | Note
-------+----------+-------------------------------------------
     0 | D:1      | utis the Tengu Summoner began the quest for the Orb.
     0 | D:1      | Reached XP level 1. HP: 10/10 MP: 4/4
   278 | D:1      | Reached skill level 5 in Summonings
   424 | D:1      | Reached XP level 2. HP: 15/15 MP: 1/6
   469 | D:1      | Learned a level 2 spell: Call Imp
  1334 | D:2      | Reached XP level 3. HP: 19/19 MP: 7/7
  1339 | D:2      | Learned a level 3 spell: Call Canine Familiar
  2159 | D:2      | Reached XP level 4. HP: 19/24 MP: 8/8
  2701 | D:2      | Reached skill level 6 in Summonings
  3894 | D:4      | Reached skill level 1 in Fighting
  3894 | D:4      | Gained mutation: You can fly continuously. [Tengu growth]
  3894 | D:4      | Reached XP level 5. HP: 22/29 MP: 2/9
  4004 | D:4      | Reached skill level 1 in Short Blades
  4062 | D:4      | Found a staircase to the Ecumenical Temple.
  4134 | D:4      | Reached XP level 6. HP: 30/35 MP: 10/10
  4221 | D:4      | Noticed Eustachio
  4253 | D:5      | Entered Level 5 of the Dungeon
  4569 | D:4      | Killed Eustachio
  4569 | D:4      | Reached skill level 5 in Dodging
  4569 | D:4      | Reached skill level 7 in Summonings
  4611 | D:4      | Reached XP level 7. HP: 22/40 MP: 8/11
  4646 | D:4      | Upgraded the game from 0.25-a0-610-gd0df705f03 to
                  | 0.25-a0-631-gc915619fb7
  5013 | D:4      | Learned a level 4 spell: Summon Ice Beast
  6489 | D:5      | Found a hazy altar of Hepliaklqana.
  6541 | D:5      | Found a burning altar of Makhleb.
  6542 | D:5      | Found a white marble altar of Elyvilon.
  6854 | D:5      | Reached XP level 8. HP: 37/48 MP: 12/12
  7155 | D:6      | Reached skill level 8 in Summonings
  7531 | D:6      | Reached skill level 5 in Fighting
  8031 | D:6      | Noticed Edmund
  8048 | D:6      | Killed Edmund
  8161 | D:6      | Learned a level 4 spell: Summon Lightning Spire
  8537 | D:7      | Reached XP level 9. HP: 54/54 MP: 16/16
  8771 | D:7      | Found a sparkling altar of Nemelex Xobeh.
  8817 | D:7      | Reached skill level 5 in Air Magic
  9580 | D:7      | Found a runed translucent door.
  9581 | D:7      | Noticed Crazy Yiuf
  9689 | D:7      | Reached skill level 9 in Summonings
  9831 | D:7      | Killed Crazy Yiuf
  9932 | D:8      | Upgraded the game from 0.25-a0-631-gc915619fb7 to
                  | 0.25-a0-632-g7713895373
  9932 | D:8      | Noticed a two-headed ogre
 10332 | D:8      | Found a staircase to the Lair.
 10425 | D:8      | Killed a two-headed ogre
 10512 | D:8      | Got an encrusted dagger
 10513 | D:8      | Identified the +4 dagger of Propriety {drain, *Drain rElec
                  | rPois Dex+9} (You found it on level 8 of the Dungeon)
 10650 | D:8      | Reached XP level 10. HP: 59/61 MP: 17/17
 10736 | D:8      | Found Zoydwud's Magic Scroll Boutique.
 10739 | D:8      | Bought a scroll of teleportation for 36 gold pieces
 10739 | D:8      | Bought a scroll of blinking for 90 gold pieces
 10739 | D:8      | Bought a scroll of fog for 24 gold pieces
 10739 | D:8      | Bought a scroll of fear for 42 gold pieces
 10878 | D:8      | Reached skill level 10 in Summonings
 10898 | D:8      | Noticed a two-headed ogre
 11084 | D:8      | Killed a two-headed ogre
 11511 | D:9      | Found a stormy altar of Qazlal.
 11585 | D:9      | Noticed a two-headed ogre
 11605 | D:9      | Killed a two-headed ogre
 12078 | D:10     | Entered Level 10 of the Dungeon
 12143 | D:10     | Found Raalu's Antique Armour Shoppe.
 12151 | D:10     | Bought a dazzling scale mail for 261 gold pieces
 12166 | D:10     | Identified the +6 scale mail "Vynwy" {Int+2} (You bought it
                  | in a shop on level 10 of the Dungeon)
 12229 | D:10     | Found Lyteyr's Gadget Shoppe.
 12329 | D:10     | Found Eroi's Jewellery Boutique.
 12441 | D:10     | Learned a level 3 spell: Summon Guardian Golem
 12494 | D:10     | Reached skill level 11 in Summonings
 12758 | D:10     | Found Raleyfod's General Store.
 12814 | D:10     | Bought 8 curare-tipped darts for 67 gold pieces
 13027 | D:11     | Reached XP level 11. HP: 60/68 MP: 18/18
 13223 | D:11     | Reached skill level 1 in Ice Magic
 13558 | D:11     | Noticed a manticore
 13706 | D:11     | Killed a manticore
 13706 | D:11     | Reached skill level 10 in Dodging
 14041 | D:11     | Noticed a centaur warrior
 14299 | D:11     | Noticed a deep elf mage
 14307 | D:11     | Killed a deep elf mage
 14667 | D:11     | Reached skill level 5 in Short Blades
 15153 | D:11     | Noticed an unseen horror
 15187 | D:11     | Killed an unseen horror
 15596 | D:11     | Noticed a cyclops
 15597 | D:11     | Reached skill level 12 in Summonings
 15614 | D:11     | Killed a cyclops
 15769 | D:11     | Found a staircase to the Orcish Mines.
 15897 | D:11     | Identified the +2 robe "Itatalul" {rPois rF- rCorr Dex-3}
 15897 | D:11     | Noticed a centaur warrior
 15917 | D:11     | Killed a centaur warrior
 15917 | D:11     | Reached skill level 1 in Armour
 16104 | D:11     | Learned a level 1 spell: Summon Butterflies
 16120 | D:11     | Noticed a two-headed ogre
 16125 | D:11     | Killed a two-headed ogre
 16125 | D:11     | Reached skill level 5 in Spellcasting
 16229 | D:11     | Reached XP level 12. HP: 61/76 MP: 20/20
 16341 | D:11     | Noticed a rakshasa
 16351 | D:11     | Collided with a stone wall

Levels and vault maps discovered:
D:1:      dpeg_arrival_line_fractal, layout_basic, minmay_stone_trees_small,
          minivault_4
D:2:      minmay_alternating_diamond, layout_loops_ring
D:3:      layout_basic, first_ration
D:4:      layout_gridville, temple_green, nicolae_ossuary_entry_monument,
          uniq_eustachio
D:5:      layout_basic, chequers_temple_overflow_statue_of_worship
D:6:      cheibrodos_quashed, layout_loops_cross, uniq_edmund
D:7:      layout_layer_cave, nemelex_lonely_heart_becter,
          uniq_crazy_yiuf_cottage
D:8:      layout_basic, grunt_lair_entry_orc_guard_hut, serial_shops,
          kennysheep_mini, serial_rivers, chequers_serial_rivers_large_b,
          chequers_serial_rivers_small_3, chequers_serial_rivers_micro_e,
          chequers_serial_rivers_large_a, chequers_serial_rivers_micro_e,
          chequers_serial_rivers_micro_c
D:9:      layout_long_grid, overflow_temple_1_default
D:10:     layout_irregular_city, serial_shops, shop,
          nicolae_shop_window_shopping, shop, nicolae_shop_behind_doors
D:11:     minmay_the_grid_square_5x5_4x4_mashed
          [minmay_the_grid_square_5x5_spiral_small,
          minmay_the_grid_square_5x5_tetrominoes,
          minmay_the_grid_square_5x5_bracketed,
          minmay_the_grid_square_5x5_longway, minmay_the_grid_square_5x5_tie,
          minmay_the_grid_square_5x5_prize_waves,
          minmay_the_grid_square_5x5_prize_itemx,
          minmay_the_grid_square_5x5_half_checkered,
          minmay_the_grid_square_5x5_moneybag,
          minmay_the_grid_square_5x5_prize_deathbox,
          minmay_the_grid_square_5x5_prize_junk,
          minmay_the_grid_square_5x5_one_wall,
          minmay_the_grid_square_5x5_gyroscope,
          minmay_the_grid_square_5x5_three_small,
          minmay_the_grid_square_5x5_minimal,
          minmay_the_grid_square_5x5_inner_i], layout_loops_ring, erik_orc_2,
          serial_shops, kennysheep_little_box

Skill      XL: |  1  2  3  4  5  6  7  8  9 10 11 |
---------------+----------------------------------+-----
Summonings     | 5 6 7 8 9 11 12 | 12.1
Dodging        | 3 4 5 6 8 9 10 | 10.5
Fighting       | 1 2 4 5 6 8 9 |  9.1
Short Blades   | 1 2 3 5 |  5.0
Spellcasting   | 4 5 |  5.2
Air Magic      | 2 6 |  6.0
Ice Magic      | 3 |  3.8
Armour         | 1 |  1.5
Stealth        | |  2.0

Action                   |  1- 3 |  4- 6 |  7- 9 | 10-12 || total
-------------------------+-------+-------+-------+-------++-------
Melee: Mace              |    35 |       |       |       ||    35
       Kick              |    26 |    22 |    96 |   218 ||   362
       Peck              |    15 |    14 |    56 |   132 ||   217
       Unarmed           |     3 |       |       |       ||     3
       Whip              |     2 |       |       |       ||     2
       Short sword       |    54 |     2 |       |       ||    56
       Falchion          |       |    34 |       |       ||    34
       Dagger            |       |    62 |   279 |   682 ||  1023
       Rapier            |       |       |    14 |     5 ||    19
       Flail             |       |       |     5 |       ||     5
 Fire: Hunting sling     |       |    15 |    14 |       ||    29
Throw: Stone             |    15 |     4 |       |       ||    19
       Dart              |       |     9 |    12 |       ||    21
       Boomerang         |       |       |     4 |    16 ||    20
 Cast: Summon Small Mamm |    13 |       |       |       ||    13
       Call Imp          |     2 |    17 |    38 |       ||    57
       Call Canine Famil |       |     1 |    16 |       ||    17
       Summon Lightning  |       |       |     1 |    16 ||    17
 Abil: Fly               |       |     1 |       |       ||     1
Evoke: Wand              |       |       |       |     2 ||     2
  Use: Scroll            |       |     5 |     2 |    12 ||    19
 Stab: Sleeping          |       |     1 |     2 |     2 ||     5
       Distracted        |       |     1 |     1 |     1 ||     3
  Eat: Chunk             |     4 |     9 |    16 |    18 ||    47
       Ration            |       |       |     2 |     1 ||     3
Armor: Ring mail         |    33 |    26 |    44 |    17 ||   120
       Scale mail        |       |       |       |   203 ||   203
Dodge: Dodged            |    56 |    67 |   207 |   598 ||   928
       Rpst.: Falchion   |       |     7 |       |       ||     7

Table legend:
 A = Non-vault XP
 B = Vault XP
 C = Vault XP percentage of total XP
 D = Non-vault monster count
 E = Vault monster count
 F = Vault count percentage of total count
                 A         B        C        D         E       F
            +---------+---------+-------+---------+---------+-------
      Total |   10335 |    8088 |  43.9 |     226 |      55 |  19.6
            +---------+---------+-------+---------+---------+-------
        D:1 |      33 |       0 |   0.0 |      18 |       0 |   0.0
        D:2 |      76 |      15 |  16.5 |      29 |       3 |   9.4
        D:3 |      30 |       0 |   0.0 |      14 |       0 |   0.0
        D:4 |     440 |     160 |  26.7 |      17 |       1 |   5.6
        D:5 |     458 |       0 |   0.0 |      13 |       0 |   0.0
        D:6 |     982 |     158 |  13.9 |      14 |       1 |   6.7
        D:7 |    1069 |      20 |   1.8 |      28 |       1 |   3.4
        D:8 |    1755 |     632 |  26.5 |      16 |       5 |  23.8
        D:9 |    1302 |       0 |   0.0 |      17 |       0 |   0.0
       D:10 |    1808 |     259 |  12.5 |      27 |       1 |   3.6
       D:11 |    2382 |    6844 |  74.2 |      33 |      43 |  56.6
            +---------+---------+-------+---------+---------+-------
